 Dungeon Crawl Stone Soup version 0.31-a0-981-geadf994542 (webtiles) character file.

Game seed: 2884101539239314223

84 horus123 the Magician (level 4, -2/33 HPs)
             Began as a Human Hedge Wizard on Nov 1, 2023.
             Slain by Grinder (8 damage)
             ... on level 3 of the Dungeon.
             The game lasted 00:04:38 (3044 turns).

horus123 the Magician (Human Hedge Wizard)          Turns: 3044, Time: 00:04:38

Health: -2/33      AC:  6    Str: 11    XL:     4   Next: 74%
Magic:  10/10      EV: 10    Int: 16    God:
Gold:   126        SH:  0    Dex: 12    Spells: 8/11 levels left

rFire   + . .        p - +2 mace (protect)
rCold   . . .        (no shield)
rNeg    . . .        g - +0 ring mail
rPois   .            c - +0 hat
rElec   .            (no cloak)
rCorr   +            a - +0 pair of gloves
SInv    .            (no boots)
Will    +....        (no amulet)
Stlth   +            j - ring of resist corrosion
HPRegen 0.25/turn    l - ring of protection from fire
MPRegen 0.12/turn

%: no passive effects
@: enlightened, flying
A: no striking features
a: no special abilities


You were on level 3 of the Dungeon.
You visited 1 branch of the dungeon, and saw 3 of its levels.

You collected 126 gold pieces.

Inventory:

Hand Weapons
 n - a +4 hand axe
 p - a +2 mace of protection (weapon)
Armour
 a - a +0 pair of gloves (worn)
 b - a +0 robe
 c - a +0 hat (worn)
 g - a +0 ring mail (worn)
 i - a +0 chain mail
Jewellery
 j - a ring of resist corrosion (left hand)
 l - a ring of protection from fire (right hand)
Talismans
 k - a serpent talisman
Wands
 r - a wand of light (4)
Scrolls
 e - a scroll of vulnerability {unknown}
 f - a scroll of fog {unknown}
 h - a scroll of poison {unknown}
 m - a scroll of torment {unknown}
 s - a scroll of enchant armour {unknown}
 t - a scroll of identify {unknown}
 v - a scroll of teleportation {unknown}
Potions
 d - a potion of magic
 o - a potion of ambrosia {unknown}
 q - 2 potions of enlightenment
 u - a potion of curing {unknown}
 w - a potion of brilliance {unknown}


   Skills:
 - Level 2.0 Fighting
 + Level 1.5 Armour
 - Level 2.0 Dodging
 - Level 2.0 Stealth
 - Level 4.0 Spellcasting
 - Level 1.0 Conjurations
 - Level 1.0 Summonings
 - Level 1.0 Translocations


You had 8 spell levels left.
You knew the following spells:

 Your Spells              Type           Power      Damage    Failure   Level
a - Magic Dart            Conj           24%        1d4       26%         1
b - Blink                 Tloc           12%        N/A       36%         2

Your spell library contained the following spells:

 Spells                   Type           Power      Damage    Failure   Level
 Slow                     Hex            12%        N/A       36%         1
 Call Imp                 Summ           12%        N/A       36%         2
 Cigotuvi's Dreadful Rot  Necr/Pois/Air  6%         N/A       52%         2
 Mephitic Cloud           Conj/Pois/Air  4%         N/A       71%         3


Dungeon Overview and Level Annotations

Branches:
Dungeon (3/15)

Altars:

Shops:
D:2 *

Annotations:
D:3 Grinder


Message History

You hit Grinder.
Grinder is lightly wounded.
Grinder completely misses you. Grinder gestures at you.
Pain shoots through your body!
You hit Grinder.
Grinder is moderately wounded.
Grinder hits you but does no damage.
You barely miss Grinder.
Grinder is moderately wounded.
Grinder hits you.
You writhe in agony.
You hit Grinder.
Grinder is heavily wounded.
Grinder hits you but does no damage.
Grinder blinks!
You miss the bat.
The bat hits you but does no damage. x2; The bat hits you.
You closely miss the bat. The bat closely misses you.
You barely miss the worm.
Grinder says, "Wait up."
The worm completely misses you.
You hit the worm.
Your weapon exudes an aura of protection.
The worm is moderately wounded.
Grinder says, "At least Makhleb appreciates what I'm doing."
The worm closely misses you.
You barely miss the worm.
The worm is moderately wounded.
Grinder says, "I used to sell toenails on the black market."
Grinder blinks!
Grinder gestures at you.
You suddenly lose the ability to move!
The worm bites you but does no damage. Grinder gestures at you.
You barely resist. The worm bites you. The worm bites you. Grinder hits you.
* * * LOW HITPOINT WARNING * * *
You can move again.
It was a potion of enlightenment.
You feel very buoyant.
You fly up into the air.
Grinder hits you!
You die...
Grinder says, "Now the real fun starts!"

+# #. +. .. +++.
.# ... #.# ##w.
#.# #... #.#.#
.#.#...####.#.#
......bw@5..#.#..#
.......###..#.#..#
######. #..#.#..#
#. #..#.#..#
#.###..#.#..##
#............#
#####....#...##.##
#.###......... #.#
#..#.####


You could see Grinder, a worm and a bat.

Vanquished Creatures
  3 adders
  2 worms (D:2)
  A dart slug (D:2)
  2 endoplasms (D:1)
  4 giant cockroaches
  8 goblins
  4 hobgoblins
  A quokka (D:2)
  7 ball pythons
  4 bats
  4 frilled lizards
  5 kobolds
  6 rats
51 creatures vanquished.

Notes
Turn   | Place    | Note
-------+----------+-------------------------------------------
     0 | D:1      | horus123 the Human Hedge Wizard began the quest for the
                  | Orb.
     0 | D:1      | Reached XP level 1. HP: 13/13 MP: 4/4
   371 | D:1      | Reached XP level 2. HP: 19/19 MP: 4/6
  1023 | D:1      | Reached XP level 3. HP: 24/24 MP: 2/8
  1544 | D:1      | Reached skill level 4 in Spellcasting
  1547 | D:1      | Learned a level 2 spell: Blink
  1723 | D:1      | Found a faded altar of an unknown god.
  1937 | D:2      | Reached skill level 1 in Fighting
  2051 | D:2      | Reached XP level 4. HP: 32/32 MP: 10/10
  2511 | D:2      | Found Lifi's Assorted Antiques.
  2603 | D:2      | Reached skill level 1 in Armour
  3018 | D:3      | Noticed Grinder
  3039 | D:3      | Paralysed by Grinder for 5 turns
  3044 | D:3      | Slain by Grinder

Illustrated notes

Levels and vault maps discovered:
D:1:      dpeg_arrival_subterranean_lakeside_camping, layout_basic,
          basic_ecumenical_altar, st_stairs_12, roderic_lattice_a,
          minmay_pentomino_t4
D:2:      layout_basic, serial_shops, nicolae_shop_tiny_glass
D:3:      layout_loops_ring, serial_shops, nicolae_shop_tiny_real_fake_doors,
          uniq_jessica, uniq_grinder

Skill      XL: |  1  2  3  4 |
---------------+-------------+-----
Spellcasting   | 4 |  4.0
Fighting       | 1 2 |  2.0
Armour         | 1 |  1.5
Dodging        | |  2.0
Stealth        | |  2.0
Conjurations   | |  1.0
Summonings     | |  1.0
Translocations | |  1.0

Action                     |  1- 3 |  4- 6 || total
---------------------------+-------+-------++-------
  Melee: Dagger            |    10 |       ||    10
         Hand axe          |    36 |     1 ||    37
         Mace              |       |    53 ||    53
   Cast: Magic Dart        |    55 |       ||    55
    Use: Potion            |       |     1 ||     1
   Stab: Sleeping          |     1 |     1 ||     2
 Armour: Robe              |    16 |       ||    16
         Ring mail         |    25 |    38 ||    63
  Dodge: Dodged            |    51 |    38 ||    89

Table legend: (Time is in decaauts)
 A = Elapsed time spent in this place.
 B = Non-inter-level travel time spent in this place.
 C = Inter-level travel time spent in this place.
 D = Time resting spent in this place.
 E = Time spent auto-exploring this place.
 F = Levels seen in this place.
 G = Mean time per level.
                   A        B        C        D        E       F      G
               +--------+--------+--------+--------+--------+-----+--------+
         Total |   3074 |   3034 |     40 |    212 |   2284 |   3 | 1024.7 |
       Dungeon |   3074 |   3034 |     40 |    212 |   2284 |   3 | 1024.7 |
               +--------+--------+--------+--------+--------+-----+--------+

Top non-repeatable levels by time:
     D:1: 1812 daAuts
     D:2: 1202 daAuts
     D:3: 59 daAuts
